Map: Ascension to Aiur LE

Players

Winthrowe

  • Race: Protoss Protoss
  • Spawn Location: 5:00

Nikitta

  • Race: Protoss Protoss

VOD

Have the link to the VOD?

Description

Time

  • Played on: Aug. 17, 2017, 4:52 p.m.
  • Length: 30:56
Show
View Real Time Build Order
Export as new Build Order

Winthrowe Protoss 

Build Orders:  

Get SALT Encoding   

  12  0:05  Probe (Chrono Boost)  
  13  0:20  Probe (Chrono Boost)  
  13  0:28  Assimilator  
  14  0:40  Assimilator  
  14  0:47  Pylon  
  14  0:50  Probe (Chrono Boost)  
  15  1:12  Probe (Chrono Boost)  
  16  1:23  Gateway  
  16  1:28  Probe (Chrono Boost)  
  17  1:57  Gateway  
  17  1:59  Pylon  
  17  2:07  Forge  
  17  2:10  Probe (Chrono Boost)  
  18  2:25  Probe (Chrono Boost)  
  19  2:39  Probe (Chrono Boost)  
  20  2:54  Probe (Chrono Boost)  
  20  2:55  Pylon  
  21  3:07  Pylon  
  21  3:12  Cybernetics Core  
  21  3:14  Probe (Chrono Boost)  
  22  3:32  Pylon  
  22  4:00  Photon Cannon  
  22  4:16  Photon Cannon  
  22  4:17  Zealot  
  24  4:20  Zealot  
  26  4:39  Protoss Shields Level 1  
  26  5:03  Probe (Chrono Boost)  
  27  5:12  Zealot x2  
  27  5:18  Probe (Chrono Boost)  
  32  5:39  Photon Cannon  
  32  6:15  Nexus  
  32  6:23  Probe (Chrono Boost)  
  33  6:38  Mothership Core (Chrono Boost)  
  35  6:56  Pylon  
  35  7:08  Warp Gate  
  35  7:15  Stargate  
  35  7:19  Protoss Ground Weapons Level 1  
  35  7:29  Photon Cannon  
  35  7:32  Photon Cannon  
  35  7:40  Gateway  
  35  7:41  Gateway  
  35  8:05  Probe x2 (Chrono Boost)  
  38  8:20  Probe x2 (Chrono Boost)  
  39  8:35  Probe (Chrono Boost)  
  41  8:50  Probe (Chrono Boost)  
  41  9:04  Probe (Chrono Boost)  
  42  9:25  Zealot  
  42  9:26  Zealot  
  42  9:27  Zealot  
  42  9:28  Zealot  
  50  9:50  Phoenix  
  52  10:25  Phoenix  
  52  10:28  Probe x2 (Chrono Boost)  
  56  10:39  Zealot  
  58  10:40  Zealot x2  
  58  10:41  Zealot  
  58  10:42  Probe (Chrono Boost)  
  65  11:00  Oracle  
  68  11:10  Probe (Chrono Boost)  
  68  11:11  Probe (Chrono Boost)  
  70  11:25  Probe x2 (Chrono Boost)  
  72  11:40  Photon Cannon  
  72  11:51  Gateway  
  72  11:55  Gateway  
  72  11:57  Gateway  
  72  11:59  Gateway  
  72  12:09  Probe x2 (Chrono Boost)  
  74  12:20  Pylon  
  74  12:22  Pylon  
  74  12:23  Probe (Chrono Boost)  
  74  12:24  Probe (Chrono Boost)  
  74  12:26  Pylon  
  76  12:32  Pylon  
  76  12:38  Probe (Chrono Boost)  
  77  12:58  Fleet Beacon  
  77  13:45  Robotics Facility  
  77  14:20  Probe (Chrono Boost)  
  77  14:21  Probe (Chrono Boost)  
  79  14:35  Probe x2 (Chrono Boost)  
  81  14:50  Probe x2 (Chrono Boost)  
  83  15:05  Probe x2 (Chrono Boost)  
  85  16:15  Zealot x2  
  85  16:16  Zealot x2  
  85  16:17  Zealot x2  
  97  16:52  Warp Prism  
  95  17:41  Warp Prism  
  97  18:05  Nexus  
  97  18:15  Pylon  
  97  18:23  Nexus  
  97  18:31  Warp Prism  
  97  18:39  Nexus  
  99  18:50  Nexus  
  99  19:21  Warp Prism  
  101  19:36  Nexus  
  101  20:10  Zealot  
  101  20:11  Warp Prism, Zealot  
  101  20:12  Zealot x2  
  101  20:13  Zealot  
  101  20:14  Zealot  
  101  20:15  Zealot  
  117  20:23  Pylon  
  117  20:26  Pylon  
  117  20:28  Pylon  
  117  20:31  Pylon  
  117  20:35  Pylon  
  117  20:40  Protoss Ground Armor Level 1  
  117  20:41  Pylon  
  117  20:45  Pylon  
  117  21:00  Robotics Bay  
  117  21:16  Death Council  
  117  21:18  Carrier  
  95  22:05  Protoss Air Weapons Level 1  
  91  22:23  Gravitic Drive  
  83  22:38  Immortal  
  69  23:18  Carrier  
  75  23:20  Protoss Shields Level 2  
  75  23:33  Immortal  
  78  24:28  Immortal  
  82  24:45  Protoss Air Armor Level 1  
  82  25:12  Charge  
  82  25:18  Phoenix  
  84  25:21  Zealot x2  
  84  25:22  Zealot x2  
  84  25:23  Zealot x3, Immortal  
  102  25:53  Phoenix  
  104  26:28  Phoenix  
  104  26:29  Protoss Ground Weapons Level 2  
  96  27:03  Phoenix  
  96  27:04  Assimilator  
  98  27:11  Assimilator  
  98  27:26  Assimilator  
  98  27:33  Assimilator  
  98  27:36  Unknown  
  98  28:50  Zealot x2  
  98  28:51  Zealot x3  
  98  28:52  Zealot x2  
  112  29:34  Pylon  
  112  29:44  Gateway  
  112  29:46  Gateway  
  112  29:48  Gateway  
  112  29:51  Gateway  
  112  29:58  Gateway x2  
  118  30:22  Blink  
Show
View Real Time Build Order
Export as new Build Order

Nikitta Protoss 

Build Orders:  

Get SALT Encoding   

Tags
 
Add a new tag
Caveats
  • Supply blocks, unpowered buildings, or Contaminate may cause inaccurate times.
  • Supply counts are checked every 10 seconds.